Map: Acropolis LE

Players

llllllllllll - Winner!

  • Race: Protoss Protoss
  • League: Master
  • Spawn Location: 11:00

BeIieve

  • Race: Protoss Protoss
  • League: Grandmaster
  • Spawn Location: 5:00

VOD

Have the link to the VOD?

Description

Time

  • Played on: Aug. 11, 2019, 2:30 p.m.
  • Length: 6:09
Show
View Real Time Build Order
Export as new Build Order

llllllllllll Protoss - Winner!

Build Orders: Mass Adepts 

Get SALT Encoding   

  12  0:01  Probe  
  13  0:13  Probe  
  14  0:17  Pylon  
  14  0:21  Probe  
  15  0:31  Probe  
  16  0:37  Gateway  
  16  0:41  Probe  
  17  0:51  Assimilator  
  17  0:53  Probe  
  18  0:58  Assimilator  
  18  1:05  Probe  
  19  1:15  Gateway  
  19  1:17  Probe  
  20  1:29  Cybernetics Core, Probe  
  21  1:41  Probe  
  21  1:42  Pylon  
  22  1:54  Probe  
  23  1:56  Adept x2  
  27  2:10  Warp Gate  
  27  2:16  Stargate  
  27  2:25  Adept  
  29  2:30  Adept  
  31  2:37  Pylon  
  31  2:55  Pylon  
  31  2:59  Void Ray  
  35  3:10  Adept  
  37  3:17  Adept  
  37  3:29  Gateway  
  37  3:37  Void Ray  
  41  3:59  Adept x2  
  45  4:04  Pylon  
  45  4:21  Adept  
  47  4:24  Adept x2  
  51  4:39  Pylon  
  51  4:45  Sentry, Adept  
  53  5:06  Stalker  
  53  5:07  Stalker  
  47  5:21  Stalker  
  45  5:30  Stalker x2  
  41  5:46  Stalker  
  41  5:55  Stalker x2  
Show
View Real Time Build Order
Export as new Build Order

BeIieve Protoss 

Build Orders: Phoenix Opening 

Get SALT Encoding   

  12  0:01  Probe  
  13  0:13  Probe  
  14  0:21  Pylon  
  14  0:25  Probe  
  15  0:35  Probe  
  15  0:42  Gateway  
  16  0:43  Probe  
  16  0:47  Assimilator  
  17  0:53  Probe  
  17  0:56  Assimilator  
  18  1:04  Probe  
  18  1:10  Gateway  
  19  1:12  Probe  
  20  1:20  Probe  
  21  1:30  Cybernetics Core  
  21  1:32  Probe  
  21  1:35  Pylon  
  22  1:44  Probe  
  23  2:07  Sentry  
  23  2:08  Warp Gate  
  23  2:09  Stalker  
  27  2:19  Nexus  
  27  2:26  Stalker  
  27  2:27  Pylon  
  29  2:40  Phoenix  
  29  2:44  Stalker  
  31  2:52  Probe  
  31  2:56  Sentry  
  34  3:04  Probe  
  35  3:11  Pylon  
  35  3:17  Probe  
  36  3:29  Probe  
  36  3:30  Probe  
  38  3:38  Probe  
  38  3:41  Probe  
  38  3:46  Twilight Council  
  38  3:47  Forge, Probe  
  40  3:53  Probe  
  42  3:56  Stalker x2  
  42  3:57  Probe  
  47  4:03  Pylon  
  47  4:05  Probe x2  
  49  4:13  Probe  
  49  4:14  Charge  
  49  4:17  Probe  
  49  4:18  Pylon  
  49  4:19  Stalker  
  53  4:27  Probe  
  53  4:30  Probe  
  55  4:35  Shield Battery  
  55  4:38  Shield Battery  
  55  4:39  Shield Battery, Sentry  
  55  4:43  Stalker  
  59  4:47  Pylon  
  55  5:02  Probe x2  
  55  5:04  Stalker  
  45  5:08  Stalker  
  41  5:14  Probe  
  41  5:15  Probe  
  38  5:26  Probe  
  38  5:27  Stalker, Pylon, Probe  
  38  5:31  Stalker  
  36  5:39  Probe  
  28  5:51  Stalker  
  28  5:52  Probe  
  26  5:58  Stalker  
Tags
 
Add a new tag
Caveats
  • Supply blocks, unpowered buildings, or Contaminate may cause inaccurate times.
  • Supply counts are checked every 10 seconds.